 Dungeon Crawl Stone Soup version 0.22-a0-252-gcace5d2 (webtiles) character file.

9 mhoghedin the Spear-Bearer (level 2, 0/19 HPs)
             Began as a Gnoll Wanderer on Mar 2, 2018.
             Slain by a goblin
             ... wielding a +0 dagger of distortion
              (11 damage)
             ... on level 1 of the Dungeon.
             The game lasted 00:00:43 (357 turns).

mhoghedin the Spear-Bearer (Gnoll Wanderer)          Turns: 357, Time: 00:00:44

Health: 0/19       AC:  2    Str: 13    XL:     2   Next: 12%
Magic:  2/2        EV: 11    Int: 13    God:
Gold:   12         SH:  5    Dex: 16    Spells: 1/1 levels left

rFire    . . .     SeeInvis .   a - +2 dagger
rCold    . . .     Gourm    .   d - +0 buckler
rNeg     . . .     Faith    .   e - +0 robe
rPois    .         Spirit   .   (no helmet)
rElec    .         Reflect  .   (no cloak)
rCorr    .         Harm     .   (no gloves)
MR       .....                  (no boots)
Stlth    +++.......             (no amulet)
HPRegen  0.06/turn              (no ring)
MPRegen  0.08/turn              (no ring)

@: no status effects
A: distributed training, fangs 1, strong nose
a: no special abilities


You were on level 1 of the Dungeon.
You were not hungry.

You visited 1 branch of the dungeon, and saw 1 of its levels.

You collected 12 gold pieces.

Inventory:

Hand Weapons
 a - a +2 dagger (weapon)
Armour
 d - a +0 buckler (worn)
 e - a +0 robe (worn)
Scrolls
 b - a scroll of fear
 g - a scroll of remove curse {unknown}
 j - 2 scrolls of magic mapping {unknown}
Potions
 c - a potion of lignification {!q}
 h - a potion of haste {unknown}
 i - a potion of curing {unknown}
Comestibles
 f - a ration


   Skills:
 + Level 0.2 Fighting
 + Level 0.2 Short Blades
 + Level 2.4 Long Blades
 + Level 0.2 Axes
 + Level 0.2 Maces & Flails
 + Level 8.4 Polearms
 + Level 0.2 Staves
 + Level 0.2 Slings
 + Level 0.2 Bows
 + Level 0.2 Crossbows
 + Level 2.4 Throwing
 + Level 0.2 Armour
 + Level 0.2 Dodging
 + Level 5.9 Stealth
 + Level 2.4 Shields
 + Level 0.2 Unarmed Combat
 + Level 0.2 Spellcasting
 + Level 0.1 Conjurations
 + Level 0.1 Hexes
 + Level 0.1 Charms
 + Level 0.1 Summonings
 + Level 0.1 Necromancy
 + Level 0.1 Translocations
 + Level 0.1 Transmutations
 + Level 0.1 Fire Magic
 + Level 0.1 Ice Magic
 + Level 0.1 Air Magic
 + Level 0.1 Earth Magic
 + Level 0.1 Poison Magic
 + Level 0.3 Invocations
 + Level 0.2 Evocations


You had one spell level left.
You didn't know any spells.

Dungeon Overview and Level Annotations

Branches:
Dungeon (1/15)

Altars:


Innate Abilities, Weirdness & Mutations

Your experience applies equally to all skills.
You have very sharp teeth.
Your uncanny sense of smell can sniff out nearby items.


Message History

You hit the giant cockroach. You block the giant cockroach's attack.
You hit the giant cockroach.
You kill the giant cockroach!
You barely miss the jackal.
The jackal bites you but does no damage.
You hit the jackal. The jackal bites you. x2
You hit the jackal.
You kill the jackal!
You hit the jackal. The jackal barely misses you.
You take 3 damage, and have 8/13 hp.
MASSIVE DAMAGE!!
You barely miss the jackal.
The jackal bites you but does no damage.
The jackal closely misses you.
You closely miss the jackal. The jackal closely misses you.
You hit the jackal. The jackal bites you. The jackal closely misses you.
You take 2 damage, and have 6/13 hp.
You are too injured to fight recklessly!
You are too injured to fight recklessly!
You are too injured to fight recklessly!
You are too injured to fight recklessly!
You are too injured to fight recklessly!
You are too injured to fight recklessly!
You are too injured to fight recklessly!
You are too injured to fight recklessly!
You are too injured to fight recklessly!
You are too injured to fight recklessly!
You are too injured to fight recklessly!
You are too injured to fight recklessly!
You are too injured to fight recklessly!
You are too injured to fight recklessly!
You are too injured to fight recklessly!
You are too injured to fight recklessly!
You are too injured to fight recklessly!
You are too injured to fight recklessly!
You hit the jackal. The jackal bites you.
You take 1 damage, and have 5/13 hp.
You hit the jackal.
You kill the jackal!
The jackal misses you.
You hit the jackal.
You kill the jackal!
You have reached level 2!
You regained 3 hp, and now have 8/19 hp.
MP restored: 2 You closely miss the goblin.
You bite the goblin. The goblin hits you but does no damage.
You hit the goblin.
You kill the goblin!
Things that are here:
a jackal corpse x2
Things that are here:
a jackal corpse x2
You butcher the jackal corpse.
k - a chunk of flesh {@w0} You see here a jackal corpse.
You butcher the jackal corpse.
k - 3 chunks of flesh {@w0} (gained 2)
You see here a jackal skeleton.
There isn't anything to butcher here.
You start resting.
Health restored: 19 Unknown command.
j - 2 scrolls labeled GUAMIWK BEPTY (gained 1)
You now have 12 gold pieces (gained 6).
A giant cockroach comes into view.
Unknown command.
The helpless giant cockroach fails to defend itself.
You impale the giant cockroach!!
You kill the giant cockroach!
No target in view!
No target in view!
No target in view!
No target in view!
No target in view!
No target in view!
No target in view!
No target in view!
No target in view!
No target in view!
No target in view!
No target in view!
No target in view!
No target in view!
All of the chunks of flesh in your inventory have rotted away.
A goblin comes into view. It is wielding a dagger of distortion.
You aren't carrying any items that you can evoke.
The goblin shouts!
You hear a shout!
You block the goblin's attack.
You hit the goblin. You closely miss the goblin. You block the goblin's attack.
You barely miss the goblin. The goblin hits you but does no damage.
Space bends around you.
You take 4 damage, and have 15/19 hp.
MASSIVE DAMAGE!!
You barely miss the goblin.
The goblin hits you with a dagger of distortion.
Space warps horribly around you!
Ouch! That really hurt!
You die...

#...............##
##.##
#............####
#..#
###........###
##.## #.##.....#
#..# #.########
##.# #.# #.# #.#
## #############.#
#..
#g#.#.#.#.#.#.#..#
#@#.#.#.#.#.#.#.#
##.###.###.###..#
#$#.#.#.#.#.#.#.#
#.#.#.#.#.#.#.#..#
################.#
#.# #.# #.# #.#


You could see a goblin.

Vanquished Creatures
  2 giant cockroaches (D:1)
  4 jackals (D:1)
  A goblin (D:1)
7 creatures vanquished.

Notes
Turn   | Place    | Note
-------+----------+-------------------------------------------
     0 | D:1      | mhoghedin the Gnoll Wanderer began the quest for the Orb.
     0 | D:1      | mhoghedin set off with: a +2 dagger, a scroll of fear, a potion of lignification {!q}, a +0 buckler, a +0 robe, a ration
     0 | D:1      | Reached XP level 1. HP: 13/13 MP: 1/1
    89 | D:1      | Reached XP level 2. HP: 8/19 MP: 2/2
   357 | D:1      | Slain by a goblin

Vault maps used:
D:1:      dpeg_arrival_water_fire, minmay_misc_feat_plants,
          roderic_roman_lattice

Action                   || total
-------------------------++-------
Melee: Dagger            ||    26
       Bite              ||     2
 Stab: Sleeping          ||     1
Armor: Robe              ||     5
Dodge: Dodged            ||    12
Block: Buckler           ||     4

Table legend:
 A = Spawn XP
 B = Non-spawn XP
 C = Spawn XP percentage of total XP
 D = Spawn monster count
 E = Non-spawn monster count
 F = Spawn count percentage of total count
 G = Total turns spent on level
                    A         B        C        D         E        F      G
               +---------+---------+-------+---------+---------+-------+---------
         Total |       0 |      13 |   0.0 |       0 |       7 |   0.0 |   357
               +---------+---------+-------+---------+---------+-------+---------
           D:1 |       0 |      13 |   0.0 |       0 |       7 |   0.0 |   357
               +---------+---------+-------+---------+---------+-------+---------

Vault maps used:
D:1:      dpeg_arrival_water_fire, minmay_misc_feat_plants,
          roderic_roman_lattice

Table legend:
 A = Turns spent in this place as a percentage of turns spent in the entire game.
 B = Non-inter-level travel turns spent in this place as a percentage of non-inter-level travel turns spent in the entire game.
 C = Inter-level travel turns spent in this place as a percentage of turns spent in this place.
 D = Turns resting spent in this place as a percentage of non-inter-level travel turns spent in this place.
 E = Turns spent auto-exploring this place as a percentage of non-inter-level travel turns spent in this place.
 F = Non-inter-level travel turns spent in this place divided by the number of levels of this place that you've seen.
                   A       B       C       D       E      F
               +-------+-------+-------+-------+-------+----------------------
         Total | 100.0 | 100.0 |   0.0 |  48.2 |  37.3 | 357.0
       Dungeon | 100.0 | 100.0 |   0.0 |  48.2 |  37.3 | 357.0
               +-------+-------+-------+-------+-------+----------------------

Table legend:
 A = Kills in this place as a percentage of kills in entire the game.
 B = Kills by you in this place as a percentage of kills by you in the entire game.
 C = Kills by friends in this place as a percentage of kills by friends in the entire game.
 D = Other kills in this place as a percentage of other kills in the entire game.
 E = Experience gained in this place as a percentage of experience gained in the entire game.
 F = Experience gained in this place divided by the number of levels of this place that you have seen.
                   A       B       C       D       E      F
               +-------+-------+-------+-------+-------+----------------------
         Total | 100.0 | 100.0 |   N/A |   N/A | 100.0 |  13.0
       Dungeon | 100.0 | 100.0 |   N/A |   N/A | 100.0 |  13.0
               +-------+-------+-------+-------+-------+----------------------
